 Dungeon Crawl Stone Soup version 0.16.1-25-gbcee3f8 (webtiles) character file.

443 Cryogen the Chopper (level 7, 0/61 HPs)
             Began as a Hill Orc Fighter on May 22, 2015.
             Slain by a gnoll
             ... wielding a +0 whip
              (3 damage)
             ... on level 3 of the Dungeon.
             The game lasted 00:12:14 (1848 turns).

Cryogen the Chopper (Hill Orc Fighter)              Turns: 1848, Time: 00:12:14

Health: 0/61       AC:  7    Str: 21    XL:     7   Next: 2%
Magic:  7/7        EV: 14    Int:  8    God:
Gold:   122        SH:  9    Dex: 10    Spells: 0 memorised, 6 levels left

rFire  . . .     SeeInvis .     a - +0 war axe
rCold  . . .     Clarity  .     b - +0 scale mail
rNeg   . . .     SustAb   +     c - +0 shield
rPois  .         Gourm    +     (no helmet)
rElec  .         Spirit   .     (no cloak)
rCorr  .         Warding  .     (no gloves)
rMut   .         Stasis   .     (no boots)
MR     .....                    t - amulet of the gourmand
Stlth  ..........               k - ring of sustain abilities
                                e - +6 ring of evasion

@: not resistant to hostile enchantments, extremely unstealthy
A: no striking features
a: no special abilities


You were on level 3 of the Dungeon.
You were not hungry.

You visited 1 branch of the dungeon, and saw 4 of its levels.

You collected 122 gold pieces.

Inventory:

Hand weapons
 a - a +0 war axe (weapon)
Armour
 b - a +0 scale mail (worn)
 c - a +0 shield (worn)
Jewellery
 d - an uncursed ring of wizardry
 e - a +6 ring of evasion (left hand)
 k - a ring of sustain abilities (right hand)
 t - an amulet of the gourmand (around neck)
Scrolls
 g - 2 scrolls of recharging {unknown}
 h - a scroll of immolation {unknown}
 i - a scroll of fear {unknown}
 j - 3 scrolls of remove curse {unknown}
 l - 2 scrolls of identify {unknown}
 n - a scroll of magic mapping {unknown}
 v - a scroll of blinking {unknown}
Potions
 o - a potion of lignification {unknown}
 q - a potion of agility {unknown}
 r - a potion of ambrosia {unknown}
Books
 p - an Akashic Record {highlevel, unknown}

   This book is beyond your current level of understanding.

   Spells                             Type                      Level
   a - Dispersal                      Translocation                6
   b - Controlled Blink               Translocation                7
   c - Malign Gateway                 Summoning/Translocation      7
   d - Disjunction                    Translocation                8
   e - Singularity                    Translocation                9
Comestibles
 f - 2 bread rations
 s - a meat ration
 u - a slice of pizza


   Skills:
 + Level 5.0 Fighting
 * Level 6.4 Axes
 + Level 4.8 Armour
 - Level 1.0 Dodging
 + Level 4.4 Shields


You had 6 spell levels left.
You didn't know any spells.

Dungeon Overview and Level Annotations

Branches:
Dungeon (4/15)
 Temple: D:4-7

Altars:


Message History

* * * LOW HITPOINT WARNING * * *
The gnoll closely misses you.
The gnoll hits you from afar with a spear.
* * * LOW HITPOINT WARNING * * *
Your shield prevents you from hitting the gnoll.
The gnoll is severely wounded.
You block the gnoll's attack. The gnoll misses you.
You hit the gnoll.
The gnoll is almost dead.
The gnoll hits you with a whip.
* * * LOW HITPOINT WARNING * * *
You block the gnoll's attack.
You hit the gnoll but do no damage.
The gnoll is almost dead.
You block the gnoll's attack. x2
You closely miss the gnoll.
The gnoll is almost dead.
The gnoll barely misses you. You block the gnoll's attack.
The gnoll hits you with a whip.
You die...

≈.# ... ≈.# .... ≈.# #####''#####
≈.# ............ ≈.#
.g.g.......... ≈.# ######
g..g....... ##### ≈.# #....#
g...... #.... ≈.#
#....#########g'#########....
###+#)...'......@g..'.......'....
#...#'###########################
#.gg#......................).....
#####≈≈≈≈≈≈≈≈≈≈≈≈≈≈≈≈≈≈≈≈≈≈≈≈≈≈≈≈
≈≈≈≈≈≈≈≈≈≈≈≈≈≈≈≈≈≈≈≈≈≈≈≈≈≈≈≈≈≈≈≈≈
≈≈≈≈≈≈≈≈≈≈≈≈≈≈≈≈≈≈≈≈≈≈≈≈≈≈≈≈≈≈≈≈≈
.......†P..÷.[...........P.......
P........†.................P.....
#################################


You could see 2 gnolls.

Vanquished Creatures
  An ogre (D:3)
  A hound (D:3)
  4 gnoll shamans (D:3)
  2 adders
  14 gnolls (D:3)
  2 giant geckos
  An ooze (D:2)
  2 orcs (D:3)
  3 giant cockroaches
  4 hobgoblins
  18 jackals
  4 bats
  A giant newt (D:3)
  4 goblins
  6 kobolds
  13 rats
80 creatures vanquished.

Notes
Turn   | Place    | Note
--------------------------------------------------------------
     0 | D:1      | Cryogen, the Hill Orc Fighter, began the quest for the Orb.
     0 | D:1      | Reached XP level 1. HP: 19/19 MP: 1/1
   101 | D:1      | Reached XP level 2. HP: 27/27 MP: 2/2
   525 | D:2      | Reached XP level 3. HP: 29/33 MP: 3/3
  1203 | D:3      | Reached skill level 4 in Fighting
  1203 | D:3      | Reached XP level 4. HP: 13/40 MP: 4/4
  1458 | D:3      | Reached skill level 1 in Dodging
  1488 | D:3      | Reached XP level 5. HP: 36/46 MP: 5/5
  1732 | D:3      | Noticed an ogre
  1749 | D:3      | Reached skill level 5 in Axes
  1786 | D:3      | Reached XP level 6. HP: 40/53 MP: 6/6
  1804 | D:3      | Killed an ogre
  1804 | D:3      | Reached skill level 6 in Axes
  1831 | D:3      | Reached skill level 5 in Fighting
  1837 | D:3      | Reached XP level 7. HP: 11/61 MP: 7/7
  1844 | D:3      | HP: 3/61 [gnoll/spear (3)]
  1848 | D:3      | Slain by a gnoll

Action                   |  1- 3 |  4- 6 |  7- 9 || total
-------------------------+-------+-------+-------++-------
Melee: War axe           |   135 |   137 |    10 ||   282
  Use: Potion            |     1 |     2 |       ||     3
  Eat: Meat ration       |     1 |       |       ||     1
       Chunk             |       |     8 |       ||     8
